Map: Shrines of Lizul

Players

Odin - Winner!

  • Race: Protoss Protoss
  • League: Gold
  • Spawn Location: 3:00

keyser - Winner!

  • Race: Terran Terran
  • Spawn Location: 12:00

VaRiSTA

  • Race: Protoss Protoss
  • Spawn Location: 6:00

Chronos

  • Race: Terran Terran
  • Spawn Location: 9:00

VOD

Have the link to the VOD?

Description

Time

  • Played on: Aug. 29, 2018, 8:34 a.m.
  • Length: 13:38
Show
View Real Time Build Order
Export as new Build Order

Odin Protoss - Winner!

Build Orders: Oracle Opening 

Get SALT Encoding   

  12  0:11  Probe  
  13  0:16  Pylon  
  13  0:28  Probe  
  14  0:36  Gateway  
  14  0:39  Probe  
  15  0:43  Assimilator  
  15  0:56  Probe  
  16  1:04  Probe  
  17  1:13  Probe  
  17  1:17  Gateway  
  18  1:21  Pylon  
  18  1:24  Probe  
  19  1:44  Probe  
  20  1:48  Cybernetics Core  
  20  1:55  Probe  
  21  2:02  Assimilator  
  21  2:03  Probe  
  22  2:13  Pylon  
  22  2:15  Pylon  
  22  2:22  Pylon  
  22  2:26  Stargate  
  22  2:27  Probe  
  23  2:36  Adept  
  25  2:40  Adept  
  27  2:53  Warp Gate  
  27  3:00  Oracle  
  32  3:30  Nexus  
  32  3:32  Adept  
  32  3:33  Adept  
  34  3:44  Oracle  
  37  4:28  Gateway x2  
  37  4:30  Pylon  
  37  4:32  Pylon  
  37  4:33  Pylon  
  37  4:43  Phoenix  
  29  5:14  Pylon  
  29  5:16  Pylon  
  29  5:19  Pylon, Probe x2  
  31  5:29  Forge  
  31  5:31  Probe x2  
  33  5:40  Adept  
  33  5:42  Adept  
  37  5:43  Probe x2  
  39  5:55  Probe x2  
  39  5:56  Sentry x2  
  45  6:05  Oracle  
  45  6:07  Probe  
  49  6:12  Probe  
  50  6:19  Probe  
  51  6:25  Sentry  
  51  6:26  Sentry  
  51  6:30  Pylon  
  55  6:38  Pylon, Twilight Council  
  55  6:39  Pylon  
  55  6:42  Gateway  
  55  6:45  Gateway  
  55  6:48  Assimilator  
  55  6:52  Assimilator  
  55  7:04  Probe  
  55  7:05  Probe  
  57  7:08  Stalker x2  
  57  7:09  Stalker x2  
  65  7:43  Zealot x3  
  65  7:44  Zealot x3  
  73  7:46  Charge  
  77  8:32  Nexus  
  77  8:33  Oracle  
  80  8:35  Assimilator  
  80  8:36  Protoss Ground Weapons Level 1  
  80  8:37  Assimilator  
  80  8:40  Pylon  
  80  8:42  Stalker x2, Pylon  
  84  8:51  Templar Archives  
  84  9:10  Oracle  
  87  9:17  Stalker  
  87  9:18  Stalker x3  
  95  9:27  Blink  
  95  9:58  Oracle  
  95  10:12  Probe x3  
  101  10:15  Psionic Storm  
  101  10:18  High Templar x3  
  101  10:20  High Templar  
  109  10:24  Probe x3  
  112  10:32  Forge  
  112  10:33  Pylon x2  
  112  10:36  Forge, Probe x3  
  115  10:48  Probe x3  
  118  10:56  Oracle  
  121  11:00  Probe x3  
  121  11:12  Probe x2  
  121  11:17  Protoss Ground Armor Level 1, Protoss Shields Level 1  
  123  11:33  Oracle  
  126  11:49  Stalker x3  
  126  11:50  Stalker x3  
  135  12:16  Robotics Facility  
  135  12:26  Oracle  
  138  12:33  Gateway  
  138  12:35  Gateway x2  
  138  12:37  Gateway  
  138  12:41  Pylon x2  
Show
View Real Time Build Order
Export as new Build Order

keyser Terran - Winner!

Build Orders: Bio Tank 

Get SALT Encoding   

  12  0:07  SCV  
  13  0:26  Supply Depot, SCV, Refinery  
  14  0:39  SCV  
  15  0:48  Barracks  
  15  0:51  SCV  
  16  1:03  SCV  
  17  1:10  Supply Depot  
  17  1:15  SCV  
  18  1:27  SCV  
  19  1:35  Refinery  
  19  1:54  Factory  
  19  1:56  Orbital Command, Barracks Reactor  
  19  2:22  SCV  
  20  2:34  SCV  
  21  2:40  Command Center  
  21  2:43  Factory Tech Lab  
  21  2:44  Marine x2  
  21  2:48  Starport  
  23  2:51  SCV  
  24  3:02  Siege Tank  
  24  3:05  Marine x2  
  29  3:20  SCV  
  30  3:27  Starport Reactor  
  30  3:29  Barracks  
  30  3:36  Barracks  
  30  3:50  Supply Depot  
  30  3:51  Supply Depot  
  30  4:21  Marine  
  30  4:22  Marine  
  30  4:23  Siege Tank  
  35  4:25  Medivac x2, Barracks Tech Lab  
  35  4:28  Barracks Tech Lab  
  39  4:39  Marine x2  
  39  4:41  Engineering Bay  
  39  4:44  Engineering Bay  
  41  5:06  Stimpack, Combat Shields  
  41  5:14  Supply Depot  
  41  5:21  Orbital Command  
  41  5:45  Refinery x2  
  41  5:46  Marine x4  
  41  5:48  Siege Tank  
  48  5:54  Terran Infantry Weapons Level 1  
  48  5:57  SCV  
  48  6:03  Marine  
  48  6:04  Marine x3  
  50  6:09  Medivac  
  55  6:32  Medivac  
  53  6:58  Marine x2  
  53  6:59  Marine x2  
  57  7:09  Siege Tank  
  60  7:16  Marine x4  
  64  7:34  Marine x4  
  64  7:41  Siege Tank  
  56  7:52  Marine x2  
  56  7:55  Marauder x2  
  56  7:57  SCV  
  64  7:58  SCV  
  64  8:08  Terran Infantry Armor Level 1  
  64  8:09  SCV  
  64  8:10  SCV  
  66  8:13  Siege Tank  
  66  8:19  Armory  
  69  8:22  SCV  
  70  9:07  Supply Depot  
  70  9:08  Terran Vehicle Weapons Level 1  
  70  9:09  Supply Depot x2, Smart Servos  
  70  9:10  Supply Depot  
  70  9:28  Siege Tank, SCV  
  70  9:29  Marauder  
  76  9:32  Supply Depot  
  67  9:45  Marine x3  
  59  9:50  Marine  
  60  10:01  Siege Tank  
  60  10:02  Marine  
  60  10:03  Marine x2  
  66  10:07  Marine  
  67  10:17  Medivac x2  
  67  10:20  Marine x2  
  67  10:21  Terran Infantry Weapons Level 2, Marine  
  74  10:25  Marine, Terran Infantry Armor Level 2  
  75  10:29  SCV  
  75  10:33  Siege Tank  
  79  10:38  Marine x3  
  79  10:41  SCV  
  83  10:43  Marine  
  81  11:05  Siege Tank  
  77  11:34  Marine x2  
  77  11:35  Marine  
  77  11:37  Siege Tank  
  83  11:44  Marine  
  84  11:47  Medivac x2  
  84  11:49  SCV  
  84  11:52  Marine x2  
  84  11:53  Marine  
  92  12:02  Marine  
  93  12:09  Siege Tank, Marine  
  93  12:10  Marine  
  93  12:11  Marine  
  99  12:17  Medivac x2  
  99  12:20  Marine  
  104  12:27  Marine x2  
  104  12:29  Marine  
  105  12:37  Marine  
  105  12:41  Siege Tank  
  108  12:47  Marine  
  109  12:55  Marine  
Show
View Real Time Build Order
Export as new Build Order

VaRiSTA Protoss 

Build Orders:  

Get SALT Encoding   

  12  0:18  Pylon  
  12  0:24  Probe  
  12  0:25  Assimilator  
  13  0:32  Probe  
  13  0:42  Probe  
  14  0:48  Gateway  
  15  1:01  Gateway  
  15  1:02  Probe  
  15  1:10  Probe  
  17  1:40  Cybernetics Core  
  17  1:48  Pylon  
  17  2:07  Warp Gate  
  17  2:17  Nexus  
  17  2:26  Adept x2  
  21  2:48  Pylon  
  21  2:54  Adept  
  21  2:55  Adept  
  25  3:02  Pylon  
  25  3:11  Gateway  
  25  3:22  Gateway  
  25  3:30  Adept  
  25  3:31  Adept  
  29  3:36  Probe  
  30  3:41  Assimilator  
  22  4:10  Adept  
  22  4:13  Adept  
  24  4:29  Probe  
  25  5:00  Probe  
  26  5:08  Probe  
  27  5:18  Probe  
  27  5:21  Probe  
  28  5:27  Probe  
  29  5:29  Probe  
  31  5:38  Probe  
  32  5:47  Probe  
  33  5:50  Probe  
  34  5:57  Adept  
  34  5:59  Probe  
  37  6:06  Stalker  
  39  6:11  Probe  
  39  6:12  Probe  
  41  6:20  Probe  
  41  6:25  Probe  
  43  6:29  Probe  
  44  6:41  Probe  
  44  6:43  Stalker x2  
  44  6:45  Stalker  
  45  7:49  Adept  
  45  7:50  Stalker x3, Probe  
  54  7:58  Probe  
  54  7:59  Assimilator  
  54  8:01  Assimilator  
  55  8:08  Probe  
  56  8:19  Stalker  
  58  8:20  Stalker x2  
  62  8:43  Pylon  
  62  8:45  Pylon  
  62  8:54  Robotics Facility  
  62  9:01  Probe  
  63  9:03  Forge  
  63  9:13  Stalker, Probe  
  63  9:14  Stalker x2  
  63  9:15  Stalker  
  72  9:25  Probe  
  73  9:37  Probe  
  59  10:09  Probe  
  60  10:19  Probe  
  60  10:20  Observer  
  61  10:27  Probe  
  63  10:36  Probe  
  64  10:44  Stalker x2  
  64  10:45  Stalker x2  
  64  10:48  Probe  
  31  11:12  Stalker x2  
  31  11:13  Stalker  
  31  11:14  Stalker  
  39  11:42  Stalker x2  
  39  11:43  Stalker  
  39  11:44  Stalker  
  29  12:09  Stalker  
  29  12:10  Stalker  
  29  12:11  Stalker x2  
  21  12:37  Stalker x3  
Show
View Real Time Build Order
Export as new Build Order

Chronos Terran 

Build Orders:  

Get SALT Encoding   

  12  0:26  Supply Depot  
  12  0:54  Barracks  
  12  1:01  Barracks  
  12  1:17  Barracks  
  12  1:44  Marine  
  13  1:49  Marine  
  14  1:58  SCV  
  15  2:02  Marine  
  15  2:07  Marine  
  17  2:10  SCV  
  18  2:20  Marine  
  18  2:22  SCV  
  20  2:24  Marine  
  20  2:28  Marine  
  22  2:38  Marine  
  23  2:52  Supply Depot  
  23  3:05  Supply Depot  
  23  3:13  Marine x3  
  23  3:16  Supply Depot  
  26  3:27  Supply Depot  
  26  3:31  Supply Depot, Marine x2  
  28  3:45  Marine  
  29  3:49  Marine x2  
  15  5:12  Marine  
  16  5:14  Marine  
  16  5:17  Marine  
  18  5:21  Command Center  
  18  5:29  Marine  
  18  5:32  Marine  
  18  5:35  Marine  
  21  5:37  Engineering Bay  
  21  5:45  Refinery  
  21  5:47  Marine  
  22  5:50  Marine, Refinery  
  22  5:52  Marine  
  24  6:05  Marine  
  24  6:08  Marine  
  24  6:10  Marine  
  27  6:23  Marine  
  28  6:26  Marine  
  28  6:28  Marine  
  30  6:41  Marine  
  30  6:43  Marine  
  30  6:46  Marine  
  20  6:59  Marine  
  17  7:01  Marine  
  17  7:04  Marine  
  19  7:16  Marine  
  19  7:19  Marine  
  19  7:21  Marine  
  21  7:34  Marine  
  22  7:37  Marine  
  22  7:39  Marine  
  22  7:43  SCV  
  25  7:52  Marine  
  25  7:55  Marine  
  25  7:57  Marine  
  28  8:10  Marine  
  28  8:12  Marine  
  28  8:15  Marine  
  30  8:28  Marine  
  30  8:30  Marine  
  30  8:33  Marine  
  33  8:46  Marine  
  34  8:48  Marine  
  34  8:50  Marine  
  36  9:04  Marine  
  36  9:06  Marine  
  36  9:07  Command Center  
  36  9:08  Marine  
  39  9:12  SCV  
  40  9:21  Marine  
  40  9:24  Marine, SCV  
  41  9:26  Marine  
  44  9:36  SCV  
  37  9:39  Marine  
  37  9:42  Marine  
  37  9:44  Marine  
  34  9:48  SCV  
  35  9:57  Marine  
  35  9:59  Marine  
  37  10:15  Marine  
  37  10:17  Marine x2  
  40  10:33  Marine  
  40  10:35  Marine x2  
  43  10:50  Marine  
  43  10:52  Marine  
  43  10:53  Marine  
  46  10:59  SCV  
  47  11:08  Marine  
  47  11:10  Marine  
  47  11:11  Marine  
  50  11:12  SCV  
  21  11:26  Marine  
  21  11:28  Marine x2  
  18  11:44  Marine  
  18  11:46  Marine  
  5  12:09  SCV  
  6  12:21  SCV  
  5  12:33  SCV  
  3  12:45  SCV  
  4  12:57  SCV  
Tags
 
Add a new tag
Caveats
  • Supply blocks, unpowered buildings, or Contaminate may cause inaccurate times.
  • Supply counts are checked every 10 seconds.